 Dungeon Crawl Stone Soup version 0.30-a0-743-gbfdf073431 (webtiles) character file.

Game seed: 3029185609660524268

149 browni3141 the Chopper (level 5, -11/42 HPs)
             Began as a Mummy Cinder Acolyte on Feb 8, 2023.
             Was a High Priest of Ignis.
             Mangled by an ogre
             ... wielding a +0 giant club
              (23 damage)
             ... on level 5 of the Dungeon.
             The game lasted 00:04:13 (2432 turns).

browni3141 the Chopper (Mummy Cinder Acolyte)       Turns: 2432, Time: 00:04:14

Health: -11/42     AC:  5    Str: 22    XL:     5   Next: 9%
Magic:  7/7        EV: 11    Int: 13    God:    Ignis [*****.]
Gold:   92         SH:  0    Dex:  8    Spells: 6/6 levels left

rFire   + + +      SeeInvis .    d - +0 war axe
rCold   + . .      Faith    +    (no shield)
rNeg    + + +      Spirit   .    j - +0 leather armour "Enuakoudi" {rF+ rCorr Str+3}
rPois   ∞          Reflect  .    k - +0 helmet
rElec   .          Harm     .    n - +0 cloak
rCorr   +          Rampage  .    (no gloves)
Will    .....                    (no boots)
Stlth   +                        (no amulet)
HPRegen 0.27/turn                e - ring of protection from fire
MPRegen 0.10/turn                r - ring of protection from fire

@: no status effects
A: cold resistance 1, negative energy resistance 3, torment resistance 2, heat
vulnerability 1, in touch with death 1, no potions, faith
a: Renounce Religion, Fiery Armour, Foxfire Swarm, Rising Flame


You were on level 5 of the Dungeon.
You worshipped Ignis.
Ignis was extremely pleased with you.
You visited 1 branch of the dungeon, and saw 4 of its levels.

You collected 92 gold pieces.

Inventory:

Hand Weapons
 a - a -1 hand axe of flaming
 d - a +0 war axe (weapon)
Missiles
 h - 27 stones (quivered)
 q - 5 boomerangs
Armour
 b - a +0 robe
 c - a +0 leather armour
 j - the +0 leather armour "Enuakoudi" (worn) {rF+ rCorr Str+3}
   (You found it on level 2 of the Dungeon)

   Str:       It affects your strength (+3).
   rF:        It protects you from fire.
   rCorr:     It protects you from acid and corrosion.
 k - a +0 helmet (worn)
 n - a +0 cloak (worn)
Jewellery
 e - a ring of protection from fire (left hand)
 r - a ring of protection from fire (right hand)
Scrolls
 f - a scroll of enchant armour {unknown}
 g - 3 scrolls of identify {unknown}
 i - 2 scrolls of teleportation {unknown}
 l - a scroll of vulnerability {unknown}
 m - a scroll of brand weapon {unknown}
 o - a scroll of amnesia {unknown}
 p - 2 scrolls of torment {unknown}


   Skills:
 + Level 3.9 Fighting
 * Level 4.1 Axes
 - Level 1.0 Stealth
 - Level 1.3 Spellcasting
 - Level 2.4 Fire Magic


You had 6 spell levels left.
You didn't know any spells.
Your spell library contained the following spells:

 Spells                   Type           Power      Damage    Failure   Level
 Scorch                   Fire           14%        2d6       17%         2


Dungeon Overview and Level Annotations

Branches:
Dungeon (3/15)

Altars:
Ashenzari
Xom


Innate Abilities, Weirdness & Mutations

You are immune to poison.
Your flesh is cold resistant. (rC+)
You are immune to negative energy. (rN+++)
You are immune to unholy pain and torment.
You are vulnerable to heat. (rF-)
You are in touch with the powers of death.
You do not drink.
You have a special connection with the divine. (Faith)


Message History

Found a clear potion.
An ogre comes into view. It is wielding a +0 giant club.
The ogre shouts!
An ogre is nearby!
An ogre is nearby!
An ogre is nearby!
There is a fountain of clear blue water here.
You see here a +0 short sword.
You throw a stone. The stone hits the ogre.
The ogre is lightly wounded.
You throw a stone. The stone hits the ogre.
The ogre is lightly wounded.
You throw a stone.
The stone hits the ogre but does no damage.
The ogre is lightly wounded.
No target in view!
You enter the shallow water.
Moving in this stuff is going to be slow.
Items here: ))) [[[ ††.
You throw a stone.
The stone hits the ogre but does no damage.
The ogre is lightly wounded.
You slash the ogre!
The ogre is heavily wounded.
The ogre barely misses you.
You hit the ogre.
The ogre is severely wounded.
The ogre closely misses you.
You completely miss the ogre.
The ogre is severely wounded.
You hit the ogre.
The ogre is almost dead.
The ogre hits you with a +0 giant club!!
Ouch! That really hurt!
* * * LOW HITPOINT WARNING * * *
You barely miss the ogre.
The ogre is almost dead.
The ogre hits you with a +0 giant club!!
Ouch! That really hurt!
You die...

...............#
.~##
#........#...## ###
.......##..##
###⌠###...#.##
##._...##.....## .
##~_^~.._##.....#
#.#.^^_..~^~#..>.##
.⌠≈~♣._^.^#).#.##
.#_♣≈^...@O#...#..#
##≈≈~.^.~##......#
##♣≈~..##.#....##
##⌠####.####.#
#.....)# ##
########


You could see an ogre.

Vanquished Creatures
  An orc priest (D:5)
  Robin (D:2)
  An adder (D:2)
  An ufetubus (D:5)
  A worm (D:2)
  2 dart slugs (D:2)
  4 orcs
  8 ball pythons
  6 endoplasms
  A giant cockroach (D:2)
  10 goblins (D:2)
  13 hobgoblins
  6 jackals
  3 quokkas
  3 bats
  7 frilled lizards
  5 kobolds (D:2)
  3 rats
76 creatures vanquished.

Vanquished Creatures (others)
  9 plants (D:2)
9 creatures vanquished.

Grand Total: 85 creatures vanquished

Notes
Turn   | Place    | Note
-------+----------+-------------------------------------------
     0 | D:1      | browni3141 the Mummy Cinder Acolyte began the quest for the
                  | Orb.
     0 | D:1      | Reached XP level 1. HP: 18/18 MP: 2/2
   167 | D:1      | Found a faded altar of an unknown god.
   257 | D:1      | Reached skill level 1 in Stealth
   359 | D:1      | Reached XP level 2. HP: 24/24 MP: 4/4
   860 | D:2      | Reached skill level 3 in Axes
   929 | D:2      | Identified the +0 leather armour "Enuakoudi" {rF+ rCorr
                  | Str+3}
   982 | D:2      | Identified the +1 robe of the Grue {Int+2}
   992 | D:2      | Found a broken altar of Ashenzari.
   993 | D:2      | Noticed Robin
  1004 | D:2      | Gained mutation: You are in touch with the powers of death.
                  | [Mummy growth]
  1004 | D:2      | Reached XP level 3. HP: 27/29 MP: 5/5
  1014 | D:2      | Killed Robin
  1176 | D:2      | Reached XP level 4. HP: 35/35 MP: 6/6
  2228 | D:3      | You fall into a shaft and drop 2 floors!
  2228 | D:5      | Entered Level 5 of the Dungeon
  2228 | D:5      | Found a shimmering altar of Xom.
  2228 | D:5      | Found a shimmering altar of Xom.
  2228 | D:5      | Found a shimmering altar of Xom.
  2228 | D:5      | Found a shimmering altar of Xom.
  2228 | D:5      | Found a shimmering altar of Xom.
  2228 | D:5      | Found a shimmering altar of Xom.
  2249 | D:5      | Reached skill level 4 in Axes
  2249 | D:5      | Reached XP level 5. HP: 6/42 MP: 7/7
  2407 | D:5      | Noticed an ogre
  2432 | D:5      | Mangled by an ogre

Illustrated notes

Levels and vault maps discovered:
D:1:      mrwooster_arrival_statue_2, layout_basic,
          ebering_ecumenical_altar_sacrificial
D:2:      minmay_chambers_of_twos, layout_basic, basic_altar, serial_forest,
          infiniplex_forest_straight_2, infiniplex_forest_clump_curved,
          infiniplex_forest_3_way, infiniplex_forest_straight_2,
          infiniplex_forest_join, infiniplex_forest_end_3,
          infiniplex_forest_clump_curved, nicolae_underground_beach, uniq_robin
D:3:      layout_basic, mainiacjoe_overflow_swirl
D:5:      layout_cave_pools, xom_redecorated, chequers_serial_rivers_micro_e,
          nicolae_fountain_basement

Skill      XL: |  1  2  3  4 |
---------------+-------------+-----
Stealth        | 1 |  1.0
Axes           | 3 4 |  4.1
Fighting       | |  3.9
Spellcasting   | |  1.3
Fire Magic     | |  2.4

Action                     |  1- 3 |  4- 6 || total
---------------------------+-------+-------++-------
  Melee: War axe           |   113 |   108 ||   221
         Hand axe          |     6 |       ||     6
         Punch             |     2 |     1 ||     3
  Throw: Stone             |       |     5 ||     5
 Invoke: Fiery Armour      |     1 |     1 ||     2
 Armour: Leather armour    |    36 |    35 ||    71
  Dodge: Dodged            |    82 |    61 ||   143

Table legend: (Time is in decaauts)
 A = Elapsed time spent in this place.
 B = Non-inter-level travel time spent in this place.
 C = Inter-level travel time spent in this place.
 D = Time resting spent in this place.
 E = Time spent auto-exploring this place.
 F = Levels seen in this place.
 G = Mean time per level.
                   A        B        C        D        E       F      G
               +--------+--------+--------+--------+--------+-----+--------+
         Total |   2508 |   2428 |     80 |    101 |   1694 |   4 |  627.0 |
       Dungeon |   2508 |   2428 |     80 |    101 |   1694 |   4 |  627.0 |
               +--------+--------+--------+--------+--------+-----+--------+

Top non-repeatable levels by time:
     D:2: 1176 daAuts
     D:1: 845 daAuts
     D:3: 273 daAuts
     D:5: 212 daAuts
